 Dungeon Crawl Stone Soup version 0.30-a0-883-g5ad918d77d (webtiles) character file.

Game seed: 13798827995211746480

338 Jeffwins the Caller (level 6, -1/39 (41) HPs)
             Began as a Human Wanderer on Mar 16, 2023.
             Slain by Crazy Yiuf
             ... wielding a +3 quarterstaff of chaos
              (15 damage)
             ... on level 3 of the Dungeon.
             The game lasted 00:05:12 (3126 turns).

Jeffwins the Caller (Human Wanderer)                Turns: 3126, Time: 00:05:13

HP:   -1/39 (41)    AC:  7    Str: 10    XL:     6   Next: 85%
MP:   3/9           EV: 11    Int: 15    God:
Gold: 116           SH:  0    Dex: 14    Spells: 6/9 levels left

rFire   . . .      SeeInvis +    a - +0 sling
rCold   . . .      Faith    .    (no shield)
rNeg    . . .      Spirit   .    e - +0 leather armour
rPois   .          Reflect  .    i - +2 helmet {SInv}
rElec   .          Rampage  .    b - +0 cloak
rCorr   .                        (no gloves)
Will    .....                    (no boots)
Stlth   ++                       (no amulet)
HPRegen 0.26/turn                (no ring)
MPRegen 0.11/turn                (no ring)

@: lightly drained
A: no striking features
a: no special abilities


You were on level 3 of the Dungeon.
You visited 1 branch of the dungeon, and saw 3 of its levels.

You collected 116 gold pieces.


   Skills:
 * Level 3.7 Ranged Weapons
 - Level 1.0 Throwing
 - Level 1.0 Dodging
 + Level 3.0 Stealth
 + Level 2.3 Spellcasting
 * Level 6.2 Summonings


You had 6 spell levels left.
You knew the following spells:

 Your Spells              Type           Power      Damage    Failure   Level
x - Summon Small Mammal   Summ           80%        N/A       2%          1
z - Call Imp              Summ           20%        N/A       3%          2

Your spell library contained the following spells:

 Spells                   Type           Power      Damage    Failure   Level
 Summon Guardian Golem    Hex/Summ       11%        N/A       24%         3
 Necrotise                Necr           4%         1d4       28%         1
 Vampiric Draining        Necr           1%         2d6       65%         3
 Agony                    Necr           1%         N/A       100%        5
 Blade Hands              Tmut           0%         N/A       100%        5
 Irradiate                Conj/Tmut      0%         3d11      100%        5
 Dragon Form              Tmut           0%         N/A       100%        7

Inventory:

Hand Weapons
 a - a +0 sling (weapon)
 l - a +1 short sword of speed
Missiles
 n - 2 poisoned darts
 q - a throwing net {=f}
Armour
 b - a +0 cloak (worn)
 d - a +0 robe
 e - a +0 leather armour (worn)
 i - a +2 helmet of see invisible (worn)
Wands
 r - a wand of digging (9)
Scrolls
 f - a scroll of summoning {unknown}
 g - 2 scrolls of vulnerability {unknown}
 k - 2 scrolls of identify {unknown}
 p - a scroll of fog {unknown}
 s - 2 scrolls of teleportation {unknown}
 u - a scroll of immolation {unknown}
Potions
 c - a potion of curing {@q1}
 h - 3 potions of berserk rage {unknown}
 j - a potion of attraction {unknown}
 m - 3 potions of might {unknown}
 o - 2 potions of degeneration {unknown}
 t - a potion of brilliance {unknown}

Dungeon Overview and Level Annotations

Branches:
Dungeon (3/15)

Altars:

Annotations:
D:3 Crazy Yiuf

.......# ♣.♣♣
.......# ♣♣.♣
.......### ♣.♣♣
.......'.# ♣♣.♣♣
.......#.# ♣...♣♣
########.# ♣....♣
#.## #..5.#
#..#####.g..####
##..##...@.....##
##...........).#
##.##.###.###.#
#.##.###.###.#
#.##..##.....#
#.###..#.....#
#.# ##.#.....#
#.# #..>....# #.#
####....#


You could see Crazy Yiuf (ally target) and a friendly shadow imp (summoned).


Message History

Your crimson imp disappears in a puff of smoke!
Crazy Yiuf laughs, "Goober!"
You shoot a sling bullet.
The sling bullet completely misses Crazy Yiuf.
Crazy Yiuf cries, "Hah tea fast!"
Your shadow imp hits Crazy Yiuf.
Crazy Yiuf hits you with a +3 quarterstaff of chaos!
You feel your power leaking away.
Unknown command.
You shoot a sling bullet.
The sling bullet closely misses Crazy Yiuf.
Your shadow imp gestures at Crazy Yiuf.
Crazy Yiuf barely resists.
Crazy Yiuf yells, "Announcement dark action!"
Crazy Yiuf hits you with a +3 quarterstaff of chaos!
You feel drained.
You shoot a sling bullet. The sling bullet hits Crazy Yiuf.
Crazy Yiuf is heavily wounded.
Your shadow imp hits Crazy Yiuf.
Crazy Yiuf hits you with a +3 quarterstaff of chaos.
* * * LOW HITPOINT WARNING * * *
Crazy Yiuf burns you.
* * * LOW HITPOINT WARNING * * *
You are too injured to fight recklessly!
Unknown command.
You shoot a sling bullet. The sling bullet hits Crazy Yiuf.
Crazy Yiuf is severely wounded.
Your shadow imp completely misses Crazy Yiuf.
Crazy Yiuf hits you with a +3 quarterstaff of chaos!
You die...

Skill      XL: |  1  2  3  4  5 |
---------------+----------------+-----
Ranged Weapons | 2 3 |  3.7
Stealth        | 2 3 |  3.0
Spellcasting   | 2 |  2.3
Summonings     | 6 |  6.2
Throwing       | |  1.0
Dodging        | |  1.0

Action                     |  1- 3 |  4- 6 || total
---------------------------+-------+-------++-------
   Fire: Sling             |    94 |   132 ||   226
   Cast: Summon Small Mamm |     2 |       ||     2
         Call Imp          |     7 |    17 ||    24
 Armour: Leather armour    |    16 |    20 ||    36
  Dodge: Dodged            |    40 |    36 ||    76

Levels and vault maps discovered:
D:1:      mrwooster_arrival_statue_2, layout_basic
D:2:      layout_basic, kennysheep_generic_room_4
D:3:      layout_basic, uniq_sigmund, uniq_crazy_yiuf_cottage

Notes
Turn   | Place    | Note
-------+----------+-------------------------------------------
     0 | D:1      | Jeffwins the Human Wanderer began the quest for the Orb.
     0 | D:1      | Jeffwins set off with the following items: a +0 sling, a +0
                  | cloak, a potion of curing {@q1}, a +0 robe; and the
                  | following spell memorised: Summon Small Mammal; and the
                  | following spells available to memorise: Call Imp, Summon
                  | Guardian Golem.
     0 | D:1      | Reached XP level 1. HP: 13/13 MP: 2/2
   124 | D:1      | Reached XP level 2. HP: 19/19 MP: 3/3
   238 | D:1      | Learned a level 2 spell: Call Imp
   571 | D:1      | Reached XP level 3. HP: 24/24 MP: 4/4
   745 | D:1      | Reached skill level 2 in Ranged Weapons
  1419 | D:2      | Reached XP level 4. HP: 28/30 MP: 1/6
  1630 | D:2      | Reached skill level 2 in Stealth
  1676 | D:2      | Reached XP level 5. HP: 32/35 MP: 2/7
  2379 | D:2      | Reached skill level 3 in Ranged Weapons
  2669 | D:3      | Reached skill level 2 in Spellcasting
  2694 | D:3      | Noticed Sigmund
  2710 | D:3      | Killed Sigmund
  2711 | D:3      | Reached skill level 3 in Stealth
  2711 | D:3      | Reached skill level 6 in Summonings
  2711 | D:3      | Reached XP level 6. HP: 26/41 MP: 7/9
  3107 | D:3      | Found a runed translucent door.
  3108 | D:3      | Noticed Crazy Yiuf
  3126 | D:3      | Slain by Crazy Yiuf

Vanquished Creatures
  Sigmund (D:3)
  7 gnolls
  A worm (D:2)
  A dart slug (D:1)
  8 ball pythons
  8 endoplasms
  4 giant cockroaches
  6 goblins
  3 hobgoblins (D:1)
  3 jackals (D:3)
  4 kobolds
  2 quokkas (D:1)
  8 bats
  A frilled lizard (D:2)
  6 rats
63 creatures vanquished.

Vanquished Creatures (collateral kills)
  An adder (D:2)
  2 gnolls (D:2)
  2 worms (D:2)
  An endoplasm (D:2)
  A goblin (D:2)
  3 kobolds
  A ball python (D:1)
11 creatures vanquished.

Grand Total: 74 creatures vanquished

Table legend: (Time is in decaauts)
 A = Elapsed time spent in this place.
 B = Non-inter-level travel time spent in this place.
 C = Inter-level travel time spent in this place.
 D = Time resting spent in this place.
 E = Time spent auto-exploring this place.
 F = Levels seen in this place.
 G = Mean time per level.
                   A        B        C        D        E       F      G
               +--------+--------+--------+--------+--------+-----+--------+
         Total |   3199 |   3055 |    144 |      0 |   2465 |   3 | 1066.3 |
       Dungeon |   3199 |   3055 |    144 |      0 |   2465 |   3 | 1066.3 |
               +--------+--------+--------+--------+--------+-----+--------+

Top non-repeatable levels by time:
     D:2: 1375 daAuts
     D:1: 1230 daAuts
     D:3: 592 daAuts

Table legend:
 A = Non-vault XP
 B = Vault XP
 C = Vault XP percentage of total XP
 D = Non-vault monster count
 E = Vault monster count
 F = Vault count percentage of total count
                 A         B        C        D         E       F
            +---------+---------+-------+---------+---------+-------
      Total |     250 |     233 |  48.2 |      72 |       2 |   2.7
            +---------+---------+-------+---------+---------+-------
        D:1 |      57 |       0 |   0.0 |      28 |       0 |   0.0
        D:2 |     169 |       2 |   1.2 |      30 |       1 |   3.2
        D:3 |      24 |     231 |  90.6 |      14 |       1 |   6.7
            +---------+---------+-------+---------+---------+-------
